BlackShift, chaotic female human Rogue ---------------- ##-..............| # |......{.......| ------------ ### |..............| |...........###### ------- # -------------.-- |.....>....| # |..<..| ### # |..........|############# #......| # # |..........|# # -.---- #|._...-###### ### ----------.- ###.....| #------- # ### # |....| ### ### # ##.....| # # ### |....| # ### # ------ @ # ####### # ## --.------ -----# # |>......| |.$.|# ---.- # |......{| |...-# |..).#############-.......| |...| |...| |.......| ----- ----- --------- BlackShift the Footpad Experience level: 2 Strength: 13 Dexterity: 18 Constitution: 18 Intelligence: 9 Wisdom: 11 Charisma: 10 Health: 0(18) Energy: 5(5) AC: 9 Gold: 40 Moves: 1087 Your Inventory: Coins $ - 40 gold pieces Weapons a - an uncursed +1 short sword (weapon in hand) b - 11 uncursed +0 daggers (in quiver) n - an uncursed [+0] crude dagger [orcish] Armor o - a blessed +0 iron skull cap [orcish helm] (being worn) Comestibles u - an [uncursed] cram ration v - an [uncursed] slime mold w - 2 [uncursed] food rations Scrolls r - an uncursed scroll labeled ZELGO MER [of punishment] s - a blessed scroll labeled VE FORBRYDERNE [of enchant armor] Potions d - an uncursed potion of sickness q - an uncursed cloudy potion [of see invisible] t - a blessed pink potion [of healing] Rings k - a blessed +4 ring of gain constitution (on right hand) Tools e - an uncursed lock pick f - an uncursed sack Gems l - an uncursed yellowish brown gem [worthless glass] Spells known in the end: Name Level Category Fail Memory Your skills at the end: Fighting Skills Weapon Skills dagger [Basic / Expert] short sword [Basic / Expert] Spellcasting Skills Final Attributes: You were devoutly aligned. Hunger level was 785. Your alignment was 14 / 15. Monster difficulty range was 0 - 2. Level difficulty was 3. You could recognize detrimental food. You were stealthy. Your luck was zero. You are dead. Vanquished creatures: a gas spore 2 hobbits 2 goblins a sewer rat 3 grid bugs a kobold zombie 4 newts 14 creatures vanquished. Voluntary challenges: You used a wielded weapon 7 times. You read items or engraved 3 times. You put on armor 2 times. You never genocided any monsters. You never polymorphed an object. You never changed form. You used no wishes. You never wrote Elbereth's name. You never encountered a bones level. You never used any Sokoban shortcuts. Dungeon overview: The Dungeons of Doom: levels 1 to 4 Level 1 a fountain a long staircase Level 3 <- You were here a delicatessen, an altar, some fountains stairs to The Gnomish Mines The Gnomish Mines: Level 4 stairs to The Dungeons of Doom History has recorded: On T:1 you entered the Dungeons of Doom to retrieve the Amulet of Yendor! On T:167 you reached level 2 of The Dungeons of Doom. On T:207 you reached level 3 of The Dungeons of Doom. On T:794 you reached level 4 of The Dungeons of Doom. On T:835 you reached level 1 of The Gnomish Mines. On T:860 you advanced to experience level 2. Latest messages: You see here 2 food rations (120 zorkmids). "For you, esteemed lady; only 60 per food ration." w - 2 food rations (unpaid, 120 zorkmids). Papar says that your bill comes to 188 zorkmids. You stop for Papar. You drop 188 gold pieces. 188 zorkmids are added to your credit. The price is deducted from your credit. You bought a cram ration for 46 gold pieces. The price is deducted from your credit. You bought 2 food rations for 120 gold pieces. The price is deducted from your credit. You bought a slime mold for 22 gold pieces. "Thank you for shopping in Papar's delicatessen!" You stop. Your monkey is in the way! You displaced your monkey. You hit the gas spore! You hear the chime of a cash register. You kill the gas spore! You are caught in the gas spore's explosion! The sack is empty. Final status: Goodbye BlackShift the Rogue... You died in The Dungeons of Doom on dungeon level 3 with 268 points, and 40 pieces of gold, after 1087 moves. You were level 2 with a maximum of 18 hit points when you died.